Map: Babylon LE

Players

лысыЙЙожыг - Winner!

  • Race: Terran Terran
  • League: Platinum
  • Spawn Location: 11:00

Zerg

  • Race: Terran Terran
  • League: Gold
  • Spawn Location: 5:00

VOD

Have the link to the VOD?

Description

Time

  • Played on: June 20, 2023, 12:41 p.m.
  • Length: 5:35
Show
View Real Time Build Order
Export as new Build Order

лысыЙЙожыг Terran - Winner!

Build Orders: 1/1/1 

Get SALT Encoding   

  12  0:00  SCV  
  13  0:12  SCV  
  14  0:17  Supply Depot  
  14  0:24  SCV  
  15  0:29  Refinery  
  15  0:41  Barracks  
  15  0:45  SCV  
  16  0:55  Refinery  
  16  0:57  SCV  
  17  1:09  SCV  
  18  1:21  SCV  
  19  1:29  Supply Depot  
  19  1:32  Factory  
  19  1:34  Marine  
  20  1:49  Orbital Command  
  20  1:53  Marine  
  21  2:11  Marine  
  22  2:16  SCV  
  22  2:17  Starport  
  22  2:21  Factory Tech Lab  
  23  2:29  SCV, Marine  
  25  2:40  Siege Tank  
  25  2:41  SCV  
  29  2:54  Medivac  
  31  3:00  Fusion Core  
  31  3:03  Supply Depot  
  31  3:24  Starport Tech Lab  
  31  3:25  Supply Depot  
  31  3:32  SCV  
  32  3:34  Marine  
  33  3:50  Engineering Bay  
  33  3:59  Battlecruiser  
  37  4:34  Barracks  
  37  4:37  Barracks  
  37  4:49  Missile Turret  
  37  4:50  Missile Turret x2  
  37  4:57  Missile Turret  
  37  5:35  Barracks Tech Lab  
Show
View Real Time Build Order
Export as new Build Order

Zerg Terran 

Build Orders:  

Get SALT Encoding   

  12  0:01  SCV  
  13  0:13  SCV  
  14  0:18  Supply Depot  
  14  0:25  SCV  
  15  0:33  Refinery  
  15  0:41  Barracks  
  15  0:45  SCV  
  16  0:57  SCV  
  17  1:09  SCV  
  18  1:22  SCV  
  19  1:26  Refinery  
  19  1:30  Reaper  
  19  1:32  Supply Depot  
  20  1:35  Orbital Command  
  20  1:55  Factory  
  20  2:18  SCV  
  21  2:30  Command Center  
  21  2:39  SCV  
  22  3:03  SCV  
  23  3:08  Starport  
  23  3:15  SCV  
  23  3:16  Marine  
  23  3:17  Factory Tech Lab  
  25  3:27  SCV  
  25  3:29  Supply Depot  
  26  3:39  SCV  
  27  3:42  Barracks  
  27  3:45  Orbital Command  
  27  3:49  Fusion Core  
  27  3:52  SCV  
  28  3:56  Marine  
  28  3:57  Hellion  
  28  4:00  Starport Reactor  
  20  4:26  SCV x2  
  23  4:38  SCV  
  22  5:02  Orbital Command  
  28  5:07  SCV  
  30  5:19  SCV  
Tags
 
Matchup
TvT
Opening
1/1/1
Race
Terran
Spawn Locations
Cross Positions
Add a new tag
Caveats
  • Supply blocks, unpowered buildings, or Contaminate may cause inaccurate times.
  • Supply counts are checked every 10 seconds.